Map: Dusk Towers

Players

llllllllllll - Winner!

  • Race: Protoss Protoss
  • League: Master

Miszu

  • Race: Terran Terran
  • League: Grandmaster

VOD

Have the link to the VOD?

Description

Time

  • Played on: Feb. 7, 2016, 3:37 p.m.
  • Length: 6:52
Show
View Real Time Build Order
Export as new Build Order

llllllllllll Protoss - Winner!

Build Orders: 1 Gate Expand, Oracle Opening 

Get SALT Encoding   

  12  0:01  Probe (Chrono Boost)  
  13  0:12  Probe (Chrono Boost)  
  14  0:17  Pylon  
  14  0:23  Probe (Chrono Boost)  
  15  0:35  Probe (Chrono Boost)  
  16  0:36  Gateway  
  16  0:46  Assimilator, Probe (Chrono Boost)  
  17  0:52  Assimilator  
  17  1:04  Probe (Chrono Boost)  
  18  1:25  Nexus  
  18  1:30  Probe (Chrono Boost)  
  19  1:41  Cybernetics Core  
  19  1:46  Probe (Chrono Boost)  
  20  1:55  Pylon  
  20  1:59  Probe (Chrono Boost)  
  21  2:09  Probe (Chrono Boost)  
  22  2:17  Stargate  
  22  2:25  Stalker (Chrono Boost)  
  24  2:30  Probe (Chrono Boost)  
  24  2:36  Warp Gate  
  25  2:38  Probe (Chrono Boost)  
  26  2:46  Probe (Chrono Boost)  
  27  2:52  Stalker  
  27  2:53  Probe (Chrono Boost)  
  30  3:02  Oracle (Chrono Boost)  
  33  3:06  Probe  
  33  3:07  Probe  
  35  3:18  Probe  
  35  3:19  Probe  
  37  3:22  Gateway  
  40  3:34  Oracle (Chrono Boost)  
  39  3:55  Probe (Chrono Boost)  
  35  3:56  Probe (Chrono Boost)  
  36  4:04  Oracle  
  36  4:07  Probe (Chrono Boost)  
  36  4:08  Probe (Chrono Boost)  
  36  4:17  Stalker, Probe (Chrono Boost)  
  36  4:18  Probe (Chrono Boost)  
  38  4:28  Probe (Chrono Boost)  
  38  4:29  Probe (Chrono Boost)  
  35  4:42  Probe x2 (Chrono Boost)  
  33  4:50  Oracle  
  36  4:53  Probe x2 (Chrono Boost)  
  37  5:03  Probe (Chrono Boost)  
  37  5:04  Probe (Chrono Boost)  
  37  5:14  Probe x2 (Chrono Boost)  
  37  5:15  Stalker  
  38  5:24  Probe (Chrono Boost)  
  38  5:25  Probe (Chrono Boost)  
  40  5:35  Probe (Chrono Boost)  
  41  5:37  Stalker  
  43  5:49  Probe x2 (Chrono Boost)  
  35  6:04  Probe (Chrono Boost)  
  35  6:05  Probe (Chrono Boost)  
  37  6:15  Probe (Chrono Boost)  
  38  6:19  Pylon  
  38  6:20  Pylon  
  38  6:22  Pylon  
  38  6:23  Probe (Chrono Boost)  
  39  6:27  Probe (Chrono Boost)  
Show
View Real Time Build Order
Export as new Build Order

Miszu Terran 

Build Orders: Hellion Opening 

Get SALT Encoding   

  12  0:00  SCV  
  13  0:12  SCV  
  14  0:20  Supply Depot  
  14  0:25  SCV  
  15  0:41  SCV  
  16  0:44  Barracks  
  16  0:46  Refinery  
  16  0:53  SCV  
  17  1:06  SCV  
  18  1:30  Orbital Command  
  18  1:32  Marine  
  19  1:38  Command Center  
  19  1:44  Supply Depot  
  19  1:56  SCV  
  19  2:00  Factory  
  20  2:06  Barracks Reactor  
  20  2:08  SCV  
  21  2:20  SCV  
  22  2:32  SCV  
  23  2:45  Factory  
  23  2:46  SCV  
  23  2:49  Orbital Command  
  23  2:51  Hellion x2  
  28  2:58  SCV  
  29  3:10  SCV  
  29  3:12  Hellion x2  
  34  3:18  SCV  
  35  3:20  Barracks Reactor  
  35  3:22  SCV  
  36  3:30  SCV  
  36  3:34  Hellion x2  
  41  3:35  SCV  
  41  3:40  Supply Depot  
  42  3:41  Supply Depot  
  42  3:42  SCV  
  42  3:47  SCV  
  44  3:55  Hellion  
  46  3:59  Hellion  
  46  4:07  SCV x2  
  45  4:11  Factory  
  45  4:15  Widow Mine  
  45  4:16  Hellion, Widow Mine  
  47  4:19  SCV  
  47  4:20  Hellion  
  40  4:25  SCV  
  33  4:31  SCV  
  33  4:37  SCV  
  33  4:38  Hellion  
  37  4:42  Hellion  
  37  4:43  Widow Mine  
  37  4:46  Hellion  
  39  4:58  Hellion  
  39  4:59  Hellion  
  41  5:03  Hellion, SCV  
  41  5:05  SCV  
  42  5:07  Widow Mine  
  37  5:15  SCV  
  37  5:17  SCV  
  34  5:32  SCV  
  34  5:33  SCV  
  34  5:44  SCV  
  34  5:48  Hellion  
  37  6:03  SCV x2  
  25  6:05  Hellion x2  
  29  6:15  SCV  
  29  6:16  SCV  
  31  6:22  Hellion  
  33  6:28  SCV x2  
  41  6:40  SCV x2  
  41  6:45  Supply Depot  
Tags
 
Add a new tag
Caveats
  • Supply blocks, unpowered buildings, or Contaminate may cause inaccurate times.
  • Supply counts are checked every 10 seconds.